 Seeded DCSS version 0.28-a0-1567-g1695149f81 (webtiles) character file.

Game seed: 641 (custom seed)

255 knot the Chopper (level 5, 0/41 HPs)
             Began as a Demonspawn Berserker on Jan 20, 2022.
             Was a Follower of Trog.
             Slain by Grinder (4 damage)
             ... while paralysed by Grinder
             ... on level 4 of the Dungeon.
             The game lasted 00:03:25 (4671 turns).

knot the Chopper (Demonspawn Berserker)             Turns: 4671, Time: 00:03:26

Health: 0/41       AC:  2    Str: 17    XL:     5   Next: 91%
Magic:  5/5        EV:  2    Int: 10    God:    Trog [*.....]
Gold:   168        SH:  0    Dex: 13    Spells: 4/4 levels left

rFire   . . .      SeeInvis .   a - +0 hand axe
rCold   . . .      Faith    .   (no shield)
rNeg    . . .      Spirit   .   b - +0 animal skin
rPois   .          Reflect  .   (no helmet)
rElec   .          Harm     .   (no cloak)
rCorr   .          Rampage  .   (no gloves)
Will    .....                   (no boots)
Stlth   +.........              (no amulet)
HPRegen 0.13/turn               (no ring)
MPRegen 0.09/turn               (no ring)

@: confused, paralysed, on berserk cooldown, hasted and slowed
A: powered by death 1
a: Renounce Religion, Berserk


You were on level 4 of the Dungeon.
You worshipped Trog.
Trog was aware of your devotion.
You visited 2 branches of the dungeon, and saw 5 of its levels.

You collected 168 gold pieces.

Inventory:

Hand Weapons
 a - a +0 hand axe (weapon)
Missiles
 g - 62 stones (quivered)
 i - 4 poisoned darts
 j - 2 atropa-tipped darts
 p - 8 boomerangs
Armour
 b - a +0 animal skin (worn)
Jewellery
 m - a +6 ring of dexterity
Scrolls
 c - 2 scrolls of identify {unknown}
 d - 2 scrolls of immolation {unknown}
 e - a scroll of enchant weapon {unknown}
 h - a scroll of magic mapping {unknown}
 l - a scroll of amnesia {unknown}
Potions
 f - 2 potions of invisibility {unknown}
 n - a potion of heal wounds {unknown}
 o - a potion of ambrosia {unknown}


   Skills:
 - Level 3.0 Fighting
 + Level 6.1 Axes
 - Level 1.7 Armour
 - Level 1.7 Dodging


You had 4 spell levels left.
You didn't know any spells.
Your spell library contained the following spells:

 Spells                   Type           Power      Damage    Failure   Level
 Call Canine Familiar     Summ           0%         N/A       75%         3
 Portal Projectile        Hex/Tloc       0%         N/A       75%         3
 Leda's Liquefaction      Hex/Erth       0%         N/A       98%         4


Dungeon Overview and Level Annotations

Branches:
Dungeon (4/15)             Temple (1/1) D:4

Altars:
Makhleb
Qazlal
Sif Muna
The Shining One

Annotations:
D:4 Grinder


Innate Abilities, Weirdness & Mutations

You regenerate a little health from kills.


Message History

You slash Grinder!
Grinder is heavily wounded.
You closely miss something. Grinder hits you.
You writhe in agony.
You hear some strange, mumbled words.
A puff of flame appears from out of thin air!
The puff of flame hits you!
You barely miss Grinder.
Grinder is heavily wounded.
You barely miss something.
Grinder blinks!
Grinder gestures at you. You resist with almost no effort.
Things that are here:
a +0 whip; a +0 dagger; a +0 ring mail You feel a strong urge to attack something.
Your skin stops crawling.
You feel less strong-willed.
Grinder says, "Mostly I couldn't keep them alive."
You are no longer berserk.
You are exhausted.
You feel yourself slow down.
You hit Grinder.
Grinder is heavily wounded.
You closely miss something. Grinder hits you.
You hear some strange, mumbled words.
You are confused.
Grinder hits you.
You writhe in agony.
Something hits you.
You are too confused!
You are too confused!
You are too confused!
Unknown command.
Grinder hits you.
You feel yourself speed up. Grinder gestures at you.
You suddenly lose the ability to move!
Something hits you.
* * * LOW HITPOINT WARNING * * *
Grinder blinks!
Something hits you.
* * * LOW HITPOINT WARNING * * *
Grinder hits you.
* * * LOW HITPOINT WARNING * * *
You writhe in agony.
You die...

## .... ### #. ..
..###.#### ##### #
#.##.....# #..#† ..
###........###)... ...
##...# #....##.)##. ....
#....# ##..#.....#.
.....##....####....###...
.......§@5.......#.# ###.
....##....#####...# #. .
#..).# ##.## #... #..))#
#.# #.#. #.....# #.# #.##
#......## <.. . .
#....... >.# # ##
...≈≈.≈≈.. #...≈.≈...#


You could see Grinder (fast).

Vanquished Creatures
  An orc priest (D:3)
  A hound (D:4)
  3 orc wizards
  6 adders
  An adder skeleton (D:4)
  A worm (D:4)
  A dart slug (D:2)
  12 orcs
  4 bats
  7 endoplasms
  5 giant cockroaches
  3 goblins
  5 hobgoblins
  5 kobolds
  2 quokkas
  8 ball pythons
  3 frilled lizards
  3 rats
71 creatures vanquished.

Notes
Turn   | Place    | Note
-------+----------+-------------------------------------------
     0 | D:1      | knot the Demonspawn Berserker began the quest for the Orb.
     0 | D:1      | Reached XP level 1. HP: 18/18 MP: 1/1
   157 | D:1      | Reached skill level 3 in Axes
   354 | D:1      | Gained mutation: You regenerate a little health from kills.
                  | [demonic ancestry]
   354 | D:1      | Reached XP level 2. HP: 21/24 MP: 2/2
   502 | D:1      | Found a faded altar of an unknown god.
   757 | D:1      | You fall into a shaft and drop 1 floor!
  1372 | D:2      | Reached XP level 3. HP: 29/29 MP: 3/3
  1424 | D:2      | Reached skill level 4 in Axes
  1684 | D:2      | Reached ** piety under Trog
  2116 | D:2      | Reached XP level 4. HP: 31/35 MP: 4/4
  2896 | D:3      | Found a stormy altar of Qazlal.
  2974 | D:3      | Reached skill level 5 in Axes
  3629 | D:3      | Found a stormy altar of Qazlal.
  3638 | D:3      | Reached XP level 5. HP: 41/41 MP: 5/5
  3837 | D:3      | HP: 3/61 [poisoned by an adder]
  3840 | D:3      | HP: 1/41 [poisoned by an adder]
  4042 | D:4      | Found a staircase to the Ecumenical Temple.
  4275 | D:4      | Reached skill level 6 in Axes
  4286 | Temple   | Entered the Ecumenical Temple
  4654 | D:4      | Noticed Grinder
  4670 | D:4      | Paralysed by Grinder for 2 turns
  4671 | D:4      | Slain by Grinder

Illustrated notes

Levels and vault maps discovered:
D:1:      dpeg_arrival_round_b, layout_loops_corners,
          hellmonk_ecumenical_altar_heavens_door
D:2:      layout_loops_ring
D:3:      layout_rooms, nicolae_qazlal_eye_of_the_storm,
          hangedman_feature_mirror
D:4:      layout_rooms, mainiacjoe_overflow_small_starburst,
          minmay_temple_entry_large_hall, kennysheep_generic_room_6,
          uniq_grinder, uniq_ijyb
Temple:   compressed_dpeg_circular_temple

Skill      XL: |  1  2  3  4  5 |
---------------+----------------+-----
Axes           | 3 4 5 6 |  6.1
Fighting       | |  3.0
Armour         | |  1.7
Dodging        | |  1.7

Action                   |  1- 3 |  4- 6 || total
-------------------------+-------+-------++-------
Melee: Hand axe          |    97 |   112 ||   209
       Punch             |       |     2 ||     2
Throw: Stone             |       |     3 ||     3
Invok: Berserk           |     1 |     7 ||     8
       Trog's Hand       |       |     3 ||     3
  Use: Potion            |       |     1 ||     1
 Stab: Sleeping          |     3 |       ||     3
Armor: Animal skin       |    16 |    14 ||    30
Dodge: Dodged            |    69 |    57 ||   126

Table legend: (Time is in decaauts)
 A = Elapsed time spent in this place.
 B = Non-inter-level travel time spent in this place.
 C = Inter-level travel time spent in this place.
 D = Time resting spent in this place.
 E = Time spent auto-exploring this place.
 F = Levels seen in this place.
 G = Mean time per level.
                   A        B        C        D        E       F      G
               +--------+--------+--------+--------+--------+-----+--------+
         Total |   4744 |   4635 |    109 |   1165 |   2981 |   5 |  948.8 |
       Dungeon |   4538 |   4429 |    109 |    961 |   2981 |   4 | 1134.5 |
        Temple |    206 |    206 |      0 |    204 |      0 |   1 |  206.0 |
               +--------+--------+--------+--------+--------+-----+--------+

Top non-repeatable levels by time:
     D:3: 1709 daAuts
     D:1: 1281 daAuts
     D:2: 1078 daAuts
     D:4: 468 daAuts
  Temple: 206 daAuts
